 Dungeon Crawl Stone Soup version 0.20.1-1-g8b1a95d (webtiles) character file.

181 greenice the Slasher (level 5, -13/45 HPs)
             Began as a Minotaur Fighter on July 12, 2017.
             Killed from afar by Ijyb (25 damage)
             ... with a wand of lightning (?/15)
             ... on level 4 of the Dungeon.
             The game lasted 00:05:55 (2463 turns).

greenice the Slasher (Minotaur Fighter)             Turns: 2463, Time: 00:05:56

Health: -13/45     AC:  8    Str: 20    XL:     5   Next: 34%
Magic:  4/4        EV:  7    Int:  5    God:
Gold:   178        SH:  9    Dex: 11    Spells: 4/4 levels left

rFire    . . .     SeeInvis .   a - +0 long sword
rCold    . . .     Gourm    .   c - +0 shield
rNeg     . . .     Faith    .   b - +0 scale mail
rPois    .         Spirit   .   r - +2 hat
rElec    .         Reflect  .   (no cloak)
rCorr    .         Harm     .   (no gloves)
MR       .....                  (no boots)
Stlth    ..........             (no amulet)
Regen    0.2/turn               (no ring)
MPRegen  0.1/turn               (no ring)

@: no status effects
A: retaliatory headbutt, horns 2
a: no special abilities


You were on level 4 of the Dungeon.
You were not hungry.

You visited 1 branch of the dungeon, and saw 4 of its levels.

You collected 178 gold pieces.

Inventory:

Hand Weapons
 a - a +0 long sword (weapon)
Armour
 b - a +0 scale mail (worn)
 c - a +0 shield (worn)
 m - a cursed -1 plate armour
 r - a +2 hat (worn)
 s - a +0 plate armour
Scrolls
 h - 2 scrolls of random uselessness {unknown}
 l - 2 scrolls of identify
 o - a scroll of enchant weapon {unknown}
 p - 3 scrolls of teleportation {unknown}
Potions
 d - a potion of might
 e - a potion of invisibility {unknown}
 i - a potion of flight {unknown}
 j - a potion of lignification {unknown}
 q - a potion of berserk rage {unknown}
 t - a potion of curing {unknown}
 v - 2 potions of ambrosia {unknown}
 z - a potion of haste {unknown}
 A - 3 potions of mutation {unknown}
Comestibles
 f - 4 bread rations
 g - a meat ration
 k - 3 chunks of flesh
 x - a royal jelly


   Skills:
 - Level 3.6 Fighting
 + Level 6.8 Long Blades
 - Level 3.6 Armour
 - Level 3.6 Shields


You had 4 spell levels left.
You didn't know any spells.

Dungeon Overview and Level Annotations

Branches:
Dungeon (4/15)
 Temple: D:4-7

Altars:
Hepliaklqana

Annotations:
D:4 Ijyb


Innate Abilities, Weirdness & Mutations

You reflexively headbutt those who attack you in melee.
You have a pair of horns on your head.


Message History

You see here an iguana skeleton.
You start waiting.
Eating one of 5 chunks of flesh.
You eat one of the 5 chunks of flesh.
This raw flesh tastes terrible.
Some of the chunks of flesh in your inventory have rotted away.
Done waiting.
Found a stone staircase leading down.
Found 18 arrows.
You see here 18 arrows.
Ijyb the Twisted Goblin comes into view.
Ijyb shouts!
Ijyb picks up a scroll labeled USOMAOLAIL.
Found a bubbling golden potion and 25 stones.
Found a scroll of identify.
You closely miss Ijyb.
Ijyb zaps a wand.
The bolt of lightning hits you! x2
* * * LOW HITPOINT WARNING * * *
It is a wand of lightning (?/15).
You barely miss Ijyb.
Ijyb zaps a wand.
The bolt of lightning hits you!
Ouch! That really hurt!
You die...

#.# #.#
#.####### #.#
#.# #.......#
#(# #.#
........# #.#
#.# ........#
#.# #.#####
........###.#
#......
..........#.#
#######
............#
......g@..###
.......#.#....#
.......#.#+##+#
.(..!..#..
######.....
#.##... #. ....
#? .....


You could see Ijyb.

Vanquished Creatures
  A bullfrog skeleton (D:4)
  An iguana (D:4)
  A worker ant (D:4)
  5 adders
  A dart slug (D:1)
  A leopard gecko (D:2)
  4 bats
  6 giant cockroaches
  9 goblins
  9 hobgoblins
  6 kobolds
  7 frilled lizards
  5 rats
56 creatures vanquished.

Notes
Turn   | Place    | Note
-------+----------+-------------------------------------------
     0 | D:1      | greenice the Minotaur Fighter began the quest for the Orb.
     0 | D:1      | Reached XP level 1. HP: 19/19 MP: 0/0
   109 | D:1      | Reached skill level 3 in Long Blades
   211 | D:1      | Reached XP level 2. HP: 26/26 MP: 1/1
   506 | D:1      | Reached skill level 4 in Long Blades
   520 | D:1      | Reached XP level 3. HP: 22/31 MP: 2/2
   886 | D:2      | Found a hazy altar of Hepliaklqana.
   920 | D:2      | Reached skill level 5 in Long Blades
   931 | D:2      | Reached XP level 4. HP: 37/39 MP: 3/3
  2096 | D:4      | Reached skill level 6 in Long Blades
  2150 | D:4      | Reached XP level 5. HP: 44/45 MP: 4/4
  2458 | D:4      | Noticed Ijyb
  2463 | D:4      | Killed from afar by Ijyb

Skill      XL: |  1  2  3  4 |
---------------+-------------+-----
Long Blades    | 3 4 5 6 |  6.8
Fighting       | |  3.6
Armour         | |  3.6
Shields        | |  3.6

Action                   |  1- 3 |  4- 6 || total
-------------------------+-------+-------++-------
Melee: Long sword        |    75 |    62 ||   137
       Headbutt          |     7 |    10 ||    17
  Use: Scroll            |       |     2 ||     2
  Eat: Chunk             |       |     5 ||     5
Armor: Scale mail        |    42 |    27 ||    69
Dodge: Dodged            |    24 |     9 ||    33
Block: Shield            |    35 |    23 ||    58
       Rpst.: Long sword |     5 |       ||     5
